 Dungeon Crawl Stone Soup version 0.27-a0-1113-gb2b6fe9c5e (console) character file.

Game seed: 13271969869141694693

6038 Gather the Insei (level 10, -6/68 HPs)
             Began as an Octopode Transmuter on May 1, 2021.
             Was a Priest of Sif Muna.
             Shot with an arrow by a centaur warrior (13 damage)
             ... on level 10 of the Dungeon.
             The game lasted 01:12:57 (15965 turns).

Gather the Insei (Octopode Transmuter)             Turns: 15965, Time: 01:12:57

Health: -6/68      AC:  2    Str: 16    XL:     10   Next: 86%
Magic:  0/16       EV: 25    Int: 15    God:    Sif Muna [***...]
Gold:   643        SH:  0    Dex: 21    Spells: 3/18 levels left

rFire    . . .     SeeInvis .     - Unarmed
rCold    . . .     Faith    .   (shield currently unavailable)
rNeg     . . .     Spirit   +   (helmet currently unavailable)
rPois    x         Reflect  .   k - amulet of guardian spirit
rElec    .         Harm     .   y - +6 ring of strength
rCorr    .         Rampage  .   (no ring)
Will     .....                  (no ring)
Stlth    ++++......             (no ring)
HPRegen  0.21/turn              (no ring)
MPRegen  0.15/turn              (no ring)
                                (no ring)
                                (no ring)

@: spider-form
A: venomous fangs, almost no armour, (amphibious), 8 rings, tiny, (camouflage
1), (gelatinous body 1), (nimble swimmer 1), (tentacles)
a: End Transformation, Renounce Religion, Channel Magic, Forget Spell


You were on level 10 of the Dungeon.
You worshipped Sif Muna.
Sif Muna was most pleased with you.
You were a venomous arachnid creature.
You visited 2 branches of the dungeon, and saw 11 of its levels.

You collected 643 gold pieces.

Inventory:

Hand Weapons
 b - a +0 shortbow
 j - a +1 dagger of venom
 m - a +0 vorpal arbalest (melded)
 n - a +1 flail of protection
 o - a +0 hunting sling
 p - the +10 hand axe "Ycioz" {pain, Drain rPois rF+ rN+++}
   (You found it on level 4 of the Dungeon)

   In the hands of one skilled in necromantic magic, it inflicts extra damage on
   living creatures.
   It protects you from fire.
   It protects you from poison.
   It renders you almost immune to negative energy.
   It drains your maximum health when unequipped.
 w - a +0 dagger of holy wrath
Missiles
 f - 200 stones (quivered)
 g - 71 arrows
 i - 37 sling bullets
 r - 62 poisoned darts
 v - 11 bolts
 x - 7 curare-tipped darts
Armour
 u - a +2 kite shield
Jewellery
 k - an amulet of guardian spirit (around neck)
 q - an amulet of magic regeneration
 y - a +6 ring of strength (left front leg)
Wands
 s - a wand of paralysis (9)
Scrolls
 c - 7 scrolls of teleportation
 h - a scroll of enchant armour
 A - a scroll of fear {unknown}
 D - a scroll of magic mapping
Potions
 a - 2 potions of lignification
 d - 2 potions of flight
 e - 2 potions of haste
 l - a potion of might
 t - a potion of attraction
 z - a potion of cancellation
 B - 2 potions of curing
 C - a potion of brilliance {unknown}


   Skills:
 + Level 5.7 Fighting
 + Level 6.4 Dodging
 - Level 6.0 Stealth
 + Level 7.2 Unarmed Combat
 - Level 4.5 Spellcasting
 - Level 7.1 Transmutations
 + Level 5.9 Ice Magic
 - Level 4.0 Poison Magic
 - Level 2.8 Invocations


You had 3 spell levels left.
You knew the following spells:

 Your Spells              Type           Power      Damage    Failure   Level
a - Beastly Appendage     Tmut           48%        N/A       4%          1
h - Hydra Form            Tmut           12%        N/A       47%         5
i - Ice Form              Ice/Tmut       23%        N/A       28%         4
w - Wereblood             Tmut           24%        N/A       6%          2
x - Spider Form           Tmut/Pois      10%        N/A       16%         3

Your spell library contained the following spells:

 Spells                   Type           Power      Damage    Failure   Level
 Ensorcelled Hibernation  Hex/Ice        24%        N/A       21%         2
 Corona                   Hex            3%         N/A       36%         1
 Confusing Touch          Hex            3%         N/A       67%         3
 Dazzling Flash           Conj/Hex       6%         N/A       67%         3
 Tukima's Dance           Hex            3%         N/A       67%         3


Dungeon Overview and Level Annotations

Branches:
Dungeon (10/15)            Temple (1/1) D:5
   Lair: D:8-11         Orc: D:9-12

Altars:
Cheibriados
Dithmenos
Elyvilon
Fedhas
Gozag
Hepliaklqana
Kikubaaqudgha
Makhleb
Nemelex Xobeh
Okawaru
Qazlal
Ru
Sif Muna
Trog
Uskayaw
Vehumet
Xom
Yredelemnul
Zin
The Shining One

Annotations:
D:5 2 transporters, fly's ghost, novice OpIE
D:9 Harold
D:10 2 transporters, exclusion: ice statue, fly's ghost, journeyman OpIE


Innate Abilities, Weirdness & Mutations

You are a venomous arachnid creature.
You have poisonous fangs.
You are tiny and dextrous.
Your spellcasting is less reliable in this form.
Your armour is entirely melded.
You are incapable of wielding weapons or throwing items.
You cannot wear most types of armour.
((You are amphibious.))
You can wear up to eight rings at the same time.
((Your skin changes colour to match your surroundings (Stealth+).))
((Your rubbery body absorbs attacks. (AC +1, EV +1)))
((You are camouflaged near water. (Stealth+)))
((You have tentacles for arms and can constrict up to eight enemies at once.))


Message History

Press ? for a list of commands and other information.
Cast which spell? (? or * to list)
Your transformation has ended.
Your +0 vorpal arbalest unmelds from your body.
You turn into a venomous arachnid creature.
Your +0 vorpal arbalest melds into your body.
The yak bellows!
The kobold brigand shouts!
You hear a bellow!
The yak bellows!
The centaur warrior shoots an arrow.
The arrow completely misses you.
Really crawl into a travel-excluded area?
The centaur warrior shoots an arrow.
The arrow hits you!!
Things that are here:
a +2 hand axe of flaming; a +0 flail; a +0 robe The centaur warrior shoots an arrow.
The arrow hits you!!
* * * LOW HITPOINT WARNING * * *
Okay, then.
Okay, then.
Aiming: Paralyse
Press: ? - help, Shift-Dir - straight line, f - centaur warrior
Aim: a centaur warrior, wielding a +0 longbow and quivering arrows (chance to affect: 28%)
Okay, then.
Okay, then.
Okay, then.
Aiming: Paralyse
Press: ? - help, Shift-Dir - straight line, f - centaur warrior
Aim: a centaur warrior, wielding a +0 longbow and quivering arrows (chance to affect: 28%)
The centaur warrior easily resists.
The yak bellows!
You hear a bellow!
The centaur warrior shoots an arrow.
The arrow hits you.
* * * LOW HITPOINT WARNING * * *
The centaur warrior shoots an arrow.
The arrow completely misses you.
Aiming: Paralyse
Press: ? - help, Shift-Dir - straight line, f/p - centaur warrior
Aim: a centaur warrior, wielding a +0 longbow and quivering arrows (chance to affect: 28%)
The centaur warrior easily resists.
Aiming: Paralyse
Press: ? - help, Shift-Dir - straight line, f/p - centaur warrior
Aim: a centaur warrior, wielding a +0 longbow and quivering arrows (chance to affect: 28%)
The centaur warrior easily resists.
The centaur warrior shoots an arrow.
The arrow hits you!
You die...

..##.#......###.#####
..8##..####.##.......
#.#..##....#.##..#####
○......##.#........#
)..##..#.#.###.#....#
. ?.#..#R#.###.#....#
...##..#W#........###
Y##$##...c##.####...#
.#.###.#..##.## #...#
8Y≈o.YYY8##.## #...#
Y...K.##s## #...#
#.###9##.## #...#
.##$.W##.## #...#
......#####c## .....
........©....#
.........o##.#
.....#..##.# #
........#c##.#
#...........#
##.###>#.####
#######...c>..#


You could see a centaur warrior, 3 yaks, an orc warrior and an orc wizard.

Vanquished Creatures
  Pikel (D:4)
  A wyvern (D:7)
  9 yaks
  A steam dragon (D:5)
  Edmund (D:4)
  2 water moccasins
  3 ice beasts
  4 orc warriors
  A black bear (D:6)
  2 necrophages (D:6)
  2 ogres (D:6)
  2 centaurs
  A phantom (D:5)
  2 kobold brigands
  3 bullfrogs
  3 scorpions
  A water moccasin skeleton (D:6)
  11 killer bees (D:9)
  7 wights (D:8)
  2 howler monkeys
  2 centaur zombies
  4 bullfrog zombies
  2 hounds
  A jelly (D:6)
  An orc priest (D:6)
  3 centaur skeletons
  A gnoll shaman (D:7)
  A bullfrog skeleton (D:6)
  3 iguanas
  7 orc wizards
  A hound skeleton (D:4)
  2 howler monkey zombies
  Robin (D:3)
  5 gnolls
  9 adders
  2 shadow imps (D:7)
  2 white imps (D:6)
  3 worms
  A dart slug (D:3)
  21 orcs
  6 bats
  4 endoplasms
  13 goblins
  6 hobgoblins
  6 jackals
  11 kobolds
  4 quokkas
  9 ball pythons
  3 frilled lizards (D:2)
  6 rats
199 creatures vanquished.

Vanquished Creatures (others)
  6 fungi (D:2)
  3 toadstools (D:2)
9 creatures vanquished.

Grand Total: 208 creatures vanquished

Notes
Turn   | Place    | Note
-------+----------+-------------------------------------------
     0 | D:1      | Gather the Octopode Transmuter began the quest for the Orb.
     0 | D:1      | Reached XP level 1. HP: 13/13 MP: 3/3
   343 | D:1      | Reached XP level 2. HP: 12/18 MP: 3/5
   346 | D:1      | Learned a level 2 spell: Wereblood
   631 | D:1      | Found a faded altar of an unknown god.
  1621 | D:2      | Reached XP level 3. HP: 22/23 MP: 4/6
  1635 | D:2      | Learned a level 3 spell: Spider Form
  1899 | D:2      | Reached skill level 1 in Poison Magic
  2063 | D:2      | Found a shimmering blue altar of Sif Muna.
  2071 | D:2      | Became a worshipper of Sif Muna the Loreminder
  2232 | D:2      | Reached XP level 4. HP: 6/28 MP: 3/7
  3368 | D:3      | Found a glowing silver altar of Zin.
  4055 | D:3      | Reached * piety under Sif Muna
  4085 | D:3      | Identified the +2 helmet "Noxaluq" {rPois rC+}
  4085 | D:3      | Noticed Robin
  4098 | D:3      | Reached XP level 5. HP: 8/33 MP: 2/8
  4101 | D:3      | HP: 1/33 [hobgoblin[Robin] (7)]
  4145 | D:3      | Killed Robin
  4459 | D:3      | Reached skill level 1 in Stealth
  4613 | D:3      | Found a snail-covered altar of Cheibriados.
  4765 | D:4      | Noticed Edmund
  4808 | D:4      | Killed Edmund
  4809 | D:4      | Reached skill level 1 in Invocations
  4809 | D:4      | Reached XP level 6. HP: 19/38 MP: 5/9
  5323 | D:4      | Identified the +10 hand axe "Ycioz" {pain, Drain rPois rF+
                  | rN+++}
  5716 | D:4      | Noticed Pikel
  5740 | D:4      | Killed Pikel
  5741 | D:4      | Reached XP level 7. HP: 45/45 MP: 5/10
  5950 | D:4      | Learned a level 4 spell: Ice Form
  5985 | D:5      | Entered Level 5 of the Dungeon
  5985 | D:5      | Found a transporter.
  5985 | D:5      | Noticed fly's ghost (novice OpIE)
  6188 | D:5      | Reached skill level 1 in Ice Magic
  6188 | D:5      | Reached XP level 8. HP: 48/51 MP: 7/11
  6230 | D:5      | Found a shadowy altar of Dithmenos.
  6306 | D:5      | Found a transporter.
  6448 | D:5      | Found a staircase to the Ecumenical Temple.
  6651 | D:5      | Found a radiant altar of Vehumet.
  6794 | D:5      | Found a basalt altar of Yredelemnul.
  6794 | D:5      | Found a shimmering blue altar of Sif Muna.
  6841 | Temple   | Entered the Ecumenical Temple
  8162 | D:5      | Reached skill level 5 in Stealth
  8822 | D:6      | Reached ** piety under Sif Muna
  8823 | D:6      | Reached skill level 5 in Transmutations
  8909 | D:6      | Reached XP level 9. HP: 22/55 MP: 2/14
  9523 | D:6      | Learned a level 5 spell: Hydra Form
 10246 | D:5      | HP: 1/55 [orc wizard/magic dart (6)]
 10944 | D:6      | Reached skill level 5 in Unarmed Combat
 11211 | D:6      | Found a bloodstained altar of Trog.
 11409 | D:6      | Found a hide-covered altar of Uskayaw.
 12064 | D:7      | Reached *** piety under Sif Muna
 12560 | D:8      | Reached XP level 10. HP: 63/63 MP: 16/16
 12671 | D:8      | Reached skill level 5 in Dodging
 13360 | D:8      | Reached skill level 5 in Ice Magic
 13607 | D:8      | Reached skill level 5 in Fighting
 14567 | D:9      | Noticed Harold
 15698 | D:10     | Entered Level 10 of the Dungeon
 15882 | D:10     | Noticed fly's ghost (journeyman OpIE)
 15884 | D:10     | Found a transporter.
 15890 | D:10     | Noticed a centaur warrior
 15923 | D:10     | Found a transporter.
 15930 | D:10     | Noticed an ice statue
 15930 | D:10     | Noticed a gargoyle
 15947 | D:10     | Noticed a centaur warrior
 15965 | D:10     | Shot with an arrow by a centaur warrior

Illustrated notes

Levels and vault maps discovered:
D:1:      dpeg_arrival_line_fractal, layout_basic,
          ebering_ecumenical_altar_ruins, minmay_misc_feat_tiny,
          amcnicky_mini_corridor_feature
D:2:      layout_basic, basic_altar, minmay_gold_behind_fungi
D:3:      layout_basic, chei_slow_surprise, nicolae_overflow_hidden_temple,
          uniq_robin
D:4:      layout_loops_cross, uniq_edmund, uniq_pikel
D:5:      layout_loops_ring, amcnicky_altar_gilded, overflow_temple_1_default,
          gammafunk_temple_overflow_elements, temple_green,
          gammafunk_ghost_stat_death
D:6:      layout_gridville, lightli_temple_of_fire,
          lemuel_coloured_pillars_altar, nzn_random_ring
D:7:      layout_rooms
D:8:      layout_basic
D:9:      lemuel_ogre_cave, layout_basic, roderic_lattice_a, uniq_harold
D:10:     layout_loops_cross, kennysheep_mini_moat,
          nicolae_wu_jian_immortal_techniques, minmay_lair_entry_grove,
          nzn_ghost_randoct, uniq_erolcha, uniq_grum
Temple:   minmay_temple_bridge_abc

Skill      XL: |  1  2  3  4  5  6  7  8  9 10 |
---------------+-------------------------------+-----
Poison Magic   | 2 3 4 |  4.0
Stealth        | 2 4 6 |  6.0
Unarmed Combat | 4 5 7 |  7.2
Transmutations | 3 4 5 7 |  7.1
Invocations    | 1 2 |  2.8
Fighting       | 2 3 5 |  5.7
Dodging        | 3 4 6 |  6.4
Ice Magic      | 1 4 5 |  5.9
Spellcasting   | 3 4 |  4.5

Action                   |  1- 3 |  4- 6 |  7- 9 | 10-12 || total
-------------------------+-------+-------+-------+-------++-------
Melee: Unarmed           |    90 |    94 |   234 |   149 ||   567
       Kick              |    20 |     3 |    19 |       ||    42
       Constrict         |    24 |     4 |    12 |     1 ||    41
       Tentacles         |    13 |     6 |    13 |     1 ||    33
       Punch             |     1 |       |     4 |     1 ||     6
       Dagger            |       |     5 |       |       ||     5
       Shortbow          |       |       |     1 |       ||     1
 Fire: Hunting sling     |       |     7 |       |       ||     7
       Shortbow          |       |       |    23 |       ||    23
       Arbalest          |       |       |       |    13 ||    13
Throw: Stone             |       |     3 |       |       ||     3
 Cast: Beastly Appendage |    23 |     7 |    14 |       ||    44
       Spider Form       |     1 |    28 |    15 |     1 ||    45
       Wereblood         |       |       |     3 |     3 ||     6
       Ice Form          |       |       |    20 |    16 ||    36
       Hydra Form        |       |       |     5 |     4 ||     9
 Abil: End Transformatio |       |     1 |     2 |     2 ||     5
Evoke: Wand              |       |       |       |     3 ||     3
  Use: Potion            |       |     3 |     2 |       ||     5
       Scroll            |       |       |    12 |     5 ||    17
 Stab: Sleeping          |     6 |     3 |     3 |     1 ||    13
       Distracted        |       |       |     1 |       ||     1
Armor: Skin              |    13 |    52 |    48 |    28 ||   141
Dodge: Dodged            |    52 |    62 |   145 |    84 ||   343

Table legend: (Time is in decaauts)
 A = Elapsed time spent in this place.
 B = Non-inter-level travel time spent in this place.
 C = Inter-level travel time spent in this place.
 D = Time resting spent in this place.
 E = Time spent auto-exploring this place.
 F = Levels seen in this place.
 G = Mean time per level.
                   A        B        C        D        E       F      G
               +--------+--------+--------+--------+--------+-----+--------+
         Total |  15953 |  15392 |    561 |   5937 |   6436 |  11 | 1450.3 |
       Dungeon |  15813 |  15277 |    536 |   5937 |   6323 |  10 | 1581.3 |
        Temple |    139 |    114 |     25 |      0 |    113 |   1 |  139.0 |
               +--------+--------+--------+--------+--------+-----+--------+

Top non-repeatable levels by time:
     D:6: 3037 daAuts
     D:5: 2516 daAuts
     D:1: 1771 daAuts
     D:3: 1689 daAuts
     D:8: 1646 daAuts
     D:2: 1558 daAuts
     D:7: 1467 daAuts
     D:4: 1074 daAuts
     D:9: 854 daAuts
    D:10: 197 daAuts
  Temple: 139 daAuts
